AoeStats
← Kez

Arena

508906562Analyzed
1v1 RM · 7d ago on Sep 24, 2026· 15m 30s· 2 players
Game mode
Random Map
Map size
Tiny (2 player)
Population
200
Speed
Normal
Resources
Standard
Victory
Conquest
Starting age
Dark Age
Ending age
Imperial Age
RankedLock teamsTeams togetherTeam positionsShared explorationLock speedFull tech treeHidden civsTurbo modeCheats
Victory
Defeat
🇹🇼 Turks · Taiwan
1379
+14
🇳🇱 Magyars · Netherlands
1346
-14
Feather
11:05 Feudal Age
12:45 Double-Bit Axe
15:04 Castle Age
13:04 Horse Collar
Kez
10:45 Feudal Age
14:37 Castle Age
12:35 Loom
13:28 Double-Bit Axe
Connection lost

Rejoining the realm…

Still unreachable

The connection could not be restored.

Session expired

The server has moved on; the page needs a fresh start.